 Dungeon Crawl Stone Soup version 0.24-a0-479-g9a978d2894 (webtiles) character file.

Game seed: 10200170232515399198

497 pk666 the Magician (level 6, 0/32 HPs)
             Began as a Deep Elf Wizard on July 8, 2019.
             Shot with an arrow by a centaur (2 damage)
             ... on level 4 of the Dungeon.
             The game lasted 00:07:16 (4158 turns).

pk666 the Magician (Deep Elf Wizard)                Turns: 4158, Time: 00:07:16

Health: 0/32       AC:  4    Str:  4    XL:     6   Next: 93%
Magic:  15/17      EV: 13    Int: 25    God:
Gold:   88         SH:  0    Dex: 13    Spells: 8/17 levels left

rFire    . . .     SeeInvis .   k - +1 dagger (venom)
rCold    . . .     Gourm    .   (no shield)
rNeg     . . .     Faith    .   a - +0 robe
rPois    .         Spirit   .   b - +1 hat
rElec    .         Reflect  .   p - +0 cloak
rCorr    .         Harm     .   (no gloves)
MR       .....                  (no boots)
Stlth    ++........             (no amulet)
HPRegen  0.10/turn              (no ring)
MPRegen  0.15/turn              (no ring)

@: no status effects
A: no striking features
a: no special abilities


You were on level 4 of the Dungeon.
You were not hungry.

You visited 1 branch of the dungeon, and saw 4 of its levels.

You collected 88 gold pieces.

Inventory:

Hand Weapons
 k - a +1 dagger of venom (weapon)
Armour
 a - a +0 robe (worn)
 b - a +1 hat (worn)
 p - a +0 cloak (worn)
Jewellery
 m - a +2 ring of dexterity {unknown}
 r - an uncursed ring of protection from fire {unknown}
Wands
 o - a wand of acid (8)
Scrolls
 g - 2 scrolls of enchant armour
 h - 8 scrolls of identify
 i - 2 scrolls of remove curse
 q - a scroll of amnesia
 s - 3 scrolls of magic mapping {unknown}
Potions
 c - 3 potions of curing
 e - 3 potions of heal wounds {unknown}
 f - 4 potions of mutation {unknown}
 j - a potion of invisibility {unknown}
 n - a potion of lignification {unknown}
Comestibles
 d - 5 rations


   Skills:
 - Level 3.1 Dodging
 - Level 2.4 Stealth
 + Level 6.1 Spellcasting
 + Level 3.5 Conjurations
   Level 1.1 Summonings
 - Level 3.0 Translocations
 + Level 2.6 Fire Magic
 - Level 2.0 Air Magic
 + Level 2.7 Poison Magic


You had 8 spell levels left.
You knew the following spells:

 Your Spells              Type           Power        Failure   Level  Hunger
a - Magic Dart            Conj           ####         1%          1    None
b - Blink                 Tloc           N/A          3%          2    None
c - Conjure Flame         Conj/Fire      ###.....     6%          3    None
d - Mephitic Cloud        Conj/Pois/Air  ###.....     7%          3    None

Your spell library contained the following spells:

 Spells                   Type           Power        Failure   Level  Hunger
 Call Imp                 Summ           ##......     7%          2    None
 Slow                     Hex            #.......     11%         2    None


Dungeon Overview and Level Annotations

Branches:
Dungeon (4/15)
 Temple: D:4-7

Altars:
Qazlal


Message History

Aiming: Magic Dart (safe; 1% risk of failure)
Press: ? - help, Shift-Dir - straight line, f - orc
Aim: an orc, wielding a +0 club The magic dart hits the orc.
You kill the orc!
The centaur shouts!
The centaur hits something.
The frilled lizard bites the bush but does no damage.
The centaur wields a +1 shortbow of velocity.
The centaur shoots an arrow.
The arrow hits you!
Ouch! That really hurt!
* * * LOW HITPOINT WARNING * * *
You hear a shout!
You hear a shout!
You hear a shout! x2
The centaur shoots an arrow.
The arrow misses you.
You see here an arrow.
The centaur shoots an arrow.
The arrow hits you!
* * * LOW HITPOINT WARNING * * *
You die...

#..........# #....
#..........# #.###
#..........####.# #
######♣#≈.≈..≈#.# #
#...≈≈..≈≈.≈♣≈.# #
#......≈...≈.≈.#
#...♣≈≈≈≈≈≈≈...# ####
#.....≈..≈.≈≈≈.# ##...
#@...≈♣..≈≈≈≈.##
..l... #....≈≈≈..≈≈≈≈#
PPP..###...≈.≈≈♣.≈≈#≈#
PcP.)..#...≈≈≈♣.≈.##.#
#(#....≈≈....####
#.#..........#
#.#c.........#
#...........##
#############


You could see a centaur.

Vanquished Creatures
  2 phantoms (D:4)
  An ogre (D:4)
  A scorpion (D:4)
  Crazy Yiuf (D:3)
  A worker ant (D:4)
  A hound zombie (D:4)
  Robin (D:3)
  4 gnolls (D:3)
  4 adders
  A worm (D:3)
  A leopard gecko (D:1)
  8 orcs
  5 bats
  A giant cockroach (D:3)
  14 goblins
  9 hobgoblins
  4 quokkas
  A ball python (D:2)
  7 frilled lizards
  5 kobolds
  9 rats
81 creatures vanquished.

Vanquished Creatures (others)
  10 toadstools (D:4)
10 creatures vanquished.

Grand Total: 91 creatures vanquished

Notes
Turn   | Place    | Note
-------+----------+-------------------------------------------
     0 | D:1      | pk666 the Deep Elf Wizard began the quest for the Orb.
     0 | D:1      | Reached XP level 1. HP: 10/10 MP: 7/7
   249 | D:1      | Reached XP level 2. HP: 15/15 MP: 6/9
   789 | D:2      | Reached skill level 5 in Spellcasting
   789 | D:2      | Reached XP level 3. HP: 17/19 MP: 3/11
   793 | D:2      | Learned a level 2 spell: Blink
   797 | D:2      | Learned a level 3 spell: Conjure Flame
   801 | D:2      | Learned a level 3 spell: Mephitic Cloud
  1996 | D:3      | Found a stormy altar of Qazlal.
  2013 | D:3      | Reached XP level 4. HP: 24/24 MP: 11/13
  2034 | D:3      | Reached skill level 1 in Poison Magic
  2284 | D:3      | Found a runed translucent door.
  2285 | D:3      | Noticed Crazy Yiuf
  2320 | D:3      | Reached skill level 1 in Fire Magic
  2415 | D:3      | Reached skill level 1 in Air Magic
  2555 | D:3      | Noticed Robin
  2561 | D:3      | Killed Robin
  2588 | D:3      | Reached XP level 5. HP: 28/28 MP: 3/14
  3171 | D:3      | Killed Crazy Yiuf
  3549 | D:4      | Reached XP level 6. HP: 32/32 MP: 0/16
  4000 | D:4      | Reached skill level 6 in Spellcasting
  4158 | D:4      | Shot with an arrow by a centaur

Levels and vault maps discovered:
D:1:      denvon_arrival_planthouse, layout_rooms
D:2:      layout_basic, first_ration
D:3:      layout_loops_ring, grunt_qazlal_clouds, uniq_robin,
          uniq_crazy_yiuf_cottage
D:4:      cheibrodos_fertilizer, layout_basic, chequers_serial_rivers_marsh,
          fedhas_bush_and_centaur_altar

Skill      XL: |  1  2  3  4  5  6 |
---------------+-------------------+-----
Dodging        | 3 |  3.1
Spellcasting   | 5 6 |  6.1
Conjurations   | 2 3 |  3.5
Poison Magic   | 1 2 |  2.7
Fire Magic     | 1 2 |  2.6
Air Magic      | 1 2 |  2.0
Translocations | 2 3 |  3.0
Stealth        | |  2.4
Summonings     | |  1.1

Action                   |  1- 3 |  4- 6 || total
-------------------------+-------+-------++-------
Melee: Dagger            |       |     3 ||     3
 Cast: Magic Dart        |    91 |   145 ||   236
       Conjure Flame     |       |     8 ||     8
       Blink             |       |     2 ||     2
       Mephitic Cloud    |       |     1 ||     1
  Use: Scroll            |     3 |     3 ||     6
  Eat: Ration            |     1 |       ||     1
       Chunk             |       |     6 ||     6
Armor: Robe              |     2 |    11 ||    13
Dodge: Dodged            |     6 |    33 ||    39

Table legend:
 A = Non-vault XP
 B = Vault XP
 C = Vault XP percentage of total XP
 D = Non-vault monster count
 E = Vault monster count
 F = Vault count percentage of total count
                 A         B        C        D         E       F
            +---------+---------+-------+---------+---------+-------
      Total |     636 |      74 |  10.4 |      70 |      11 |  13.6
            +---------+---------+-------+---------+---------+-------
        D:1 |      25 |       0 |   0.0 |      17 |       0 |   0.0
        D:2 |      50 |       0 |   0.0 |      16 |       0 |   0.0
        D:3 |     109 |      74 |  40.4 |      26 |      11 |  29.7
        D:4 |     452 |       0 |   0.0 |      11 |       0 |   0.0
            +---------+---------+-------+---------+---------+-------
